Map: 2000 Atmospheres LE

Players

Seither

  • Race: Terran Terran
  • League: Grandmaster

TeebuL - Winner!

  • Race: Protoss Protoss
  • League: Gold

Event: DreamHack SC2 Masters 2021 Summer

VOD

Have the link to the VOD?

Description

Time

  • Played on: May 23, 2021, 4:21 a.m.
  • Length: 20:23

All games in this series

Show
View Real Time Build Order
Export as new Build Order

Seither Terran 

Build Orders:  

Get SALT Encoding   

  12  0:00  SCV  
  13  0:12  SCV  
  14  0:17  Supply Depot  
  14  0:24  SCV  
  15  0:38  SCV  
  15  0:39  Barracks  
  16  0:43  Refinery  
  16  0:51  SCV  
  17  1:03  SCV  
  18  1:15  SCV  
  19  1:26  Marine  
  19  1:28  Orbital Command  
  20  1:43  Command Center  
  20  1:48  Barracks Reactor  
  21  1:54  SCV  
  21  2:01  Supply Depot  
  21  2:07  SCV  
  22  2:12  Factory  
  22  2:21  Bunker  
  22  2:22  SCV  
  23  2:27  Marine x2  
  25  2:34  SCV  
  26  2:38  Refinery  
  26  2:45  Marine x2  
  26  2:46  SCV  
  29  2:56  Orbital Command  
  29  3:00  SCV  
  30  3:12  Hellion x2  
  34  3:15  Starport  
  34  3:20  SCV  
  34  3:25  SCV  
  36  3:32  SCV  
  37  3:37  Widow Mine x2, SCV, Supply Depot  
  42  3:44  SCV  
  43  3:49  SCV  
  43  3:50  Barracks Tech Lab  
  43  3:53  Medivac  
  46  3:58  SCV  
  46  4:00  Widow Mine  
  46  4:01  Widow Mine, SCV, Supply Depot  
  52  4:11  SCV  
  52  4:14  SCV  
  52  4:15  Supply Depot  
  54  4:23  SCV  
  55  4:26  SCV  
  55  4:29  Marine x2  
  55  4:30  Siege Tank  
  55  4:31  Starport Tech Lab  
  61  4:35  SCV  
  61  4:38  SCV  
  63  4:40  Command Center  
  63  4:45  Supply Depot  
  63  4:47  SCV  
  63  4:50  SCV  
  63  4:55  Marine x2  
  63  4:59  SCV  
  62  5:02  SCV  
  62  5:04  Siege Tank  
  64  5:10  Barracks  
  64  5:11  SCV, Barracks  
  65  5:14  SCV  
  65  5:15  Marine  
  65  5:16  Marine  
  65  5:18  Viking  
  65  5:21  Supply Depot  
  70  5:23  SCV  
  70  5:26  SCV  
  70  5:27  Engineering Bay  
  73  5:35  SCV  
  73  5:36  Marine x2  
  73  5:38  SCV  
  76  5:44  Barracks  
  76  5:45  Barracks  
  76  5:46  Factory Tech Lab  
  76  5:49  SCV  
  77  5:50  SCV  
  77  5:51  Refinery  
  77  5:52  Refinery  
  77  5:53  Orbital Command  
  76  5:59  Stimpack, Marine  
  76  6:01  Marine x2, Starport Reactor  
  76  6:02  Terran Infantry Weapons Level 1  
  79  6:04  Missile Turret  
  79  6:05  Missile Turret  
  79  6:07  Siege Tank  
  79  6:10  SCV x2  
  84  6:15  Marauder  
  86  6:20  Orbital Command  
  86  6:27  Combat Shield  
  86  6:30  SCV  
  86  6:31  SCV  
  87  6:38  Marine  
  87  6:39  Marine, Marauder x2  
  93  6:40  Siege Tank  
  94  6:48  SCV x2  
  94  6:52  Refinery  
  94  6:53  Barracks Reactor  
  96  6:55  Medivac  
  96  6:56  Supply Depot  
  96  6:57  SCV, Supply Depot  
  96  6:58  Supply Depot  
  96  7:00  SCV  
  96  7:01  SCV  
  99  7:02  Barracks Tech Lab  
  99  7:04  Marauder  
  101  7:11  Supply Depot  
  101  7:17  Refinery  
  101  7:18  SCV x3, Marine x2, Siege Tank  
  101  7:19  Marauder, Supply Depot  
  111  7:23  Marauder, Supply Depot, Concussive Shells  
  113  7:30  SCV x3  
  113  7:31  Marine x2  
  113  7:32  Medivac x2  
  113  7:36  Supply Depot  
  122  7:40  Marine x2, Marauder  
  122  7:42  SCV x3  
  131  7:44  Marauder  
  131  7:45  Marauder, Supply Depot  
  133  7:52  Supply Depot  
  133  7:59  Marine x2  
  133  8:00  Siege Tank  
  133  8:01  Marauder  
  133  8:03  Viking x2  
  146  8:05  Marauder  
  146  8:06  Marauder, Supply Depot  
  146  8:10  Supply Depot  
  147  8:20  Marine x2  
  147  8:23  Marauder  
  147  8:24  SCV x3  
  147  8:25  Supply Depot  
  147  8:27  Marauder  
  156  8:31  Marine x2  
  156  8:32  Marauder, Siege Tank  
  163  8:37  Viking  
  154  8:43  Marine  
  154  8:44  Marine, Marauder  
  154  8:48  Marauder  
  143  8:49  Marine  
  143  8:51  Marine  
  143  8:53  Marauder  
  143  8:55  Command Center  
  124  9:01  Marine  
  120  9:03  Marine, Medivac  
  120  9:06  Marauder  
  120  9:07  Marine, Medivac  
  120  9:09  Marauder  
  119  9:10  Marine  
  119  9:11  Terran Infantry Armor Level 1  
  119  9:14  Marine, Armory  
  116  9:25  Marine  
  116  9:26  Engineering Bay  
  116  9:27  Marauder  
  116  9:31  Factory Reactor, Marauder  
  121  9:36  Marine x2, Marauder  
  125  9:41  Ghost Academy, Medivac  
  125  9:42  Medivac  
  125  9:45  Missile Turret  
  129  9:48  Marauder  
  129  9:50  SCV x3  
  129  9:52  Marauder  
  136  9:56  Sensor Tower  
  136  9:57  Marine x4  
  140  10:00  Missile Turret  
  140  10:04  Terran Infantry Weapons Level 2  
  140  10:13  Ghost x3  
  135  10:21  Sensor Tower  
  135  10:24  Barracks  
  135  10:25  Marine x4, Barracks  
  135  10:26  Barracks, Enhanced Shockwaves  
  138  10:36  Planetary Fortress  
  138  10:40  Terran Ship Weapons Level 1  
  138  10:44  Ghost x2  
  138  10:46  Marine x4  
  146  10:50  Command Center  
  146  10:55  Bunker  
  146  10:59  Refinery  
  146  11:01  Refinery  
  146  11:03  Widow Mine x2  
  146  11:04  Medivac x2  
  154  11:16  Ghost x2  
  154  11:17  Barracks Reactor, Barracks Tech Lab  
  156  11:25  Missile Turret  
  151  11:26  SCV x3  
  154  11:36  SCV  
  154  11:38  SCV x2  
  157  11:40  Marine, Marauder x2  
  157  11:41  Barracks Tech Lab  
  157  11:45  Marauder  
  164  11:49  SCV x2  
  164  11:50  SCV, Marine, Marauder  
  164  11:51  Terran Infantry Armor Level 2  
  170  11:55  Medivac x2  
  174  12:01  Marauder x2  
  174  12:03  Starport  
  178  12:10  Orbital Command  
  178  12:12  Missile Turret  
  178  12:19  Marine x3  
  178  12:20  Marine, Marauder x3  
  178  12:21  Command Center  
  190  12:23  Marauder  
  190  12:29  Marine x2, Marauder  
  178  12:38  Marine x3  
  178  12:41  Marauder x3  
  180  12:44  Marauder  
  180  12:50  Marine x3  
  180  12:51  Marauder, Terran Infantry Weapons Level 3  
  173  12:56  Marine  
  174  13:01  Viking x2  
  174  13:02  Marauder, Viking x2  
  174  13:03  Marauder x2  
  186  13:07  Terran Ship Weapons Level 2  
  186  13:15  Marine x4, Marauder  
  186  13:16  Marine x2, Marauder  
  196  13:24  Marauder x2  
  198  13:50  Missile Turret  
  198  13:56  Marine x2  
  198  14:02  Command Center  
  200  14:08  Command Center  
  200  14:21  Planetary Fortress  
  200  14:25  Command Center  
  195  14:43  Ghost x2  
  199  14:50  Sensor Tower  
  199  14:58  Liberator  
  199  15:01  Fusion Core  
  199  15:04  Personal Cloaking  
  193  15:12  Liberator  
  196  15:26  Liberator  
  183  15:43  Orbital Command  
  183  15:44  Marine x3  
  183  15:45  Marauder x3  
  139  15:57  Marine x3  
  139  15:58  Marauder x2, Liberator x3  
  139  16:02  Widow Mine, Marine  
  154  16:06  Marauder x2  
  154  16:11  Orbital Command x2  
  156  16:13  Marine x2  
  156  16:14  Marauder, Liberator  
  156  16:15  Marine x2, Terran Infantry Armor Level 3  
  163  16:19  Marauder x2  
  163  16:22  Sensor Tower  
  163  16:23  Widow Mine  
  163  16:25  Missile Turret  
  169  16:27  Marauder  
  169  16:29  SCV x3  
  169  16:31  Advanced Ballistics  
  174  16:34  Marine x4, Marauder  
  174  16:35  Marauder  
  182  16:41  Marauder x2, Liberator  
  182  16:43  Marine x2  
  183  16:48  Liberator  
  183  16:49  Marauder  
  183  16:51  Marine  
  177  16:56  Marauder, Ghost  
  165  17:01  Ghost  
  165  17:02  Marauder  
  165  17:06  Marine  
  165  17:09  Marine x2  
  165  17:10  Marauder  
  165  17:12  Liberator  
  165  17:15  Marine  
  169  17:17  Marauder  
  170  17:24  Marauder  
  170  17:25  Marauder  
  170  17:26  Orbital Command  
  168  17:49  Marine x2  
  168  17:50  Marine, Marauder x2  
  145  17:54  Marine x2  
  145  17:55  Marauder x2  
  151  18:00  Orbital Command  
  151  18:08  Marine  
  151  18:09  Marine x3, Marauder  
  151  18:11  Marauder  
  151  18:12  Marauder  
  156  18:16  Marauder  
  156  18:17  Marine  
  156  18:18  Marine, Marauder  
  154  18:26  Marine  
  149  18:30  Marauder  
  149  18:32  Ghost  
  149  18:33  Marauder, Marine x2  
  149  18:34  Marine  
  123  18:36  Ghost  
  123  18:39  Marauder  
  127  18:53  Marine x2  
  127  18:54  Marauder x2  
  130  18:56  Orbital Command  
  115  19:04  Marine  
  115  19:05  Marauder  
  114  19:10  Marine x2, Marauder  
  118  19:23  Liberator  
  117  19:24  Orbital Command  
  117  19:27  Marine  
  117  19:28  Marauder  
  116  19:36  Marine, Marauder  
  109  19:40  Marine x2  
Show
View Real Time Build Order
Export as new Build Order

TeebuL Protoss - Winner!

Build Orders: 1 Gate Expand, Phoenix Opening, Colossus Rush 

Get SALT Encoding   

  12  0:01  Probe  
  13  0:13  Probe  
  14  0:18  Pylon  
  14  0:25  Probe (Chrono Boost)  
  15  0:37  Gateway, Probe (Chrono Boost)  
  16  0:45  Probe (Chrono Boost)  
  16  0:49  Assimilator  
  17  0:51  Probe  
  18  1:04  Probe  
  19  1:16  Probe  
  20  1:24  Cybernetics Core  
  20  1:33  Nexus  
  20  1:39  Pylon  
  20  1:43  Probe  
  21  1:54  Assimilator  
  21  1:57  Probe  
  21  1:58  Adept (Chrono Boost)  
  24  2:09  Probe (Chrono Boost)  
  25  2:20  Adept, Probe (Chrono Boost)  
  28  2:25  Probe (Chrono Boost)  
  29  2:31  Stargate  
  29  2:36  Probe (Chrono Boost)  
  29  2:37  Warp Gate  
  30  2:45  Probe (Chrono Boost)  
  30  2:50  Adept  
  34  2:53  Probe (Chrono Boost)  
  34  2:55  Probe (Chrono Boost)  
  35  3:00  Probe x2 (Chrono Boost)  
  37  3:12  Probe x2  
  39  3:14  Phoenix (Chrono Boost)  
  39  3:15  Gateway  
  41  3:24  Probe x2  
  45  3:33  Pylon  
  45  3:34  Phoenix  
  45  3:36  Probe  
  45  3:41  Pylon  
  46  3:44  Shield Battery  
  46  3:48  Shield Battery  
  46  3:51  Probe  
  46  3:52  Probe  
  48  3:59  Phoenix (Chrono Boost)  
  48  4:04  Probe  
  48  4:07  Robotics Facility  
  48  4:09  Assimilator  
  49  4:11  Probe (Chrono Boost)  
  49  4:12  Assimilator  
  49  4:15  Phoenix (Chrono Boost)  
  49  4:16  Probe (Chrono Boost)  
  54  4:24  Pylon  
  54  4:27  Probe x2 (Chrono Boost)  
  55  4:34  Probe  
  56  4:40  Phoenix (Chrono Boost)  
  56  4:42  Probe  
  59  4:47  Probe  
  60  4:54  Probe  
  60  4:59  Probe  
  62  5:02  Phoenix (Chrono Boost), Nexus  
  62  5:05  Pylon  
  65  5:07  Observer  
  65  5:08  Robotics Bay  
  65  5:09  Probe  
  66  5:16  Probe  
  66  5:18  Pylon  
  67  5:23  Probe  
  67  5:24  Phoenix  
  67  5:28  Probe  
  71  5:35  Twilight Council  
  71  5:38  Probe (Chrono Boost)  
  71  5:40  Forge  
  73  5:44  Sentry  
  73  5:46  Pylon  
  73  5:48  Probe (Chrono Boost)  
  73  5:49  Probe (Chrono Boost)  
  76  5:54  Colossus (Chrono Boost), Probe (Chrono Boost)  
  76  5:55  Probe (Chrono Boost)  
  84  6:04  Probe  
  84  6:06  Probe  
  84  6:07  Extended Thermal Lance  
  86  6:15  Charge  
  86  6:16  Probe  
  88  6:18  Probe  
  88  6:19  Gateway, Probe  
  88  6:20  Gateway  
  88  6:21  Protoss Ground Weapons Level 1 (Chrono Boost)  
  89  6:28  Probe  
  89  6:32  Pylon, Shield Battery  
  90  6:37  Gateway x2  
  90  6:38  Zealot x2  
  92  6:42  Colossus (Chrono Boost)  
  98  6:52  Probe  
  99  6:56  Pylon  
  99  6:57  Pylon  
  99  7:00  Pylon, Probe x2  
  101  7:02  Zealot x2  
  101  7:04  Probe  
  106  7:16  Gateway  
  106  7:17  Gateway  
  106  7:18  Zealot x2, Assimilator  
  106  7:20  Probe x2  
  112  7:23  Colossus (Chrono Boost), Assimilator  
  118  7:32  Gateway  
  118  7:46  Zealot x6  
  118  7:49  Pylon  
  118  7:50  Templar Archives  
  130  7:59  Pylon  
  130  8:10  Pylon  
  130  8:14  Nexus  
  130  8:17  Zealot x7  
  140  8:22  Protoss Ground Armor Level 1 (Chrono Boost)  
  140  8:28  Pylon  
  140  8:30  Disruptor  
  140  8:32  Forge  
  143  8:38  Zealot x6  
  139  8:42  Zealot x2  
  98  8:59  Zealot x4  
  92  9:03  Colossus (Chrono Boost)  
  92  9:05  High Templar x2  
  92  9:06  High Templar x2  
  102  9:10  Protoss Ground Weapons Level 2 (Chrono Boost)  
  102  9:11  Archon  
  102  9:12  Archon  
  98  9:22  Zealot x4  
  106  9:26  Probe x3  
  109  9:36  Probe  
  109  9:38  Robotics Facility, Probe x2  
  111  9:39  Probe  
  111  9:43  High Templar x3  
  111  9:45  High Templar  
  121  9:46  Colossus (Chrono Boost)  
  121  9:50  Archon  
  127  9:53  Archon  
  127  9:55  Zealot x4  
  127  9:56  Probe  
  127  9:57  Probe  
  137  10:01  Dark Shrine  
  137  10:15  High Templar x2  
  137  10:16  Zealot x5  
  151  10:22  Assimilator x2  
  153  10:30  Warp Prism (Chrono Boost)  
  153  10:35  Disruptor (Chrono Boost)  
  156  10:40  Archon  
  154  10:47  Zealot x7  
  154  10:48  Zealot  
  170  10:59  Disruptor (Chrono Boost)  
  170  11:02  Protoss Ground Armor Level 2 (Chrono Boost)  
  173  11:16  Nexus  
  169  11:19  Pylon  
  169  11:21  Disruptor (Chrono Boost)  
  169  11:22  Shadow Stride  
  160  11:32  Disruptor (Chrono Boost)  
  160  11:35  Gateway  
  160  11:37  Gateway  
  163  11:45  Protoss Ground Weapons Level 3 (Chrono Boost)  
  163  11:48  Dark Templar x4  
  163  11:49  Disruptor (Chrono Boost)  
  173  11:58  Zealot x4  
  181  12:02  Disruptor  
  178  12:21  Zealot x4, Dark Templar x4  
  186  12:35  Zealot x2  
  180  12:39  Warp Prism x2  
  180  12:42  Stalker x4  
  172  12:54  Probe (Chrono Boost)  
  163  13:03  Probe (Chrono Boost)  
  154  13:08  Probe (Chrono Boost)  
  154  13:12  Zealot x9  
  173  13:13  Nexus  
  173  13:20  Disruptor x2  
  176  13:41  Blink  
  176  13:51  Dark Templar x2  
  176  13:54  Pylon  
  178  13:56  Pylon  
  178  13:57  Protoss Ground Armor Level 3 (Chrono Boost)  
  178  13:58  Pylon  
  176  14:05  Dark Templar x2  
  180  14:12  Disruptor  
  186  14:22  Stalker x5  
  196  14:28  Protoss Shields Level 1 (Chrono Boost)  
  196  14:30  Dark Templar x2  
  200  14:47  Dark Templar  
  200  14:51  Assimilator  
  200  14:52  Assimilator  
  195  15:08  Disruptor  
  189  15:22  Dark Templar x5  
  199  15:41  Zealot x4  
  158  15:58  Stalker x5  
  162  16:05  Gateway  
  162  16:08  Gateway  
  162  16:09  Gateway  
  162  16:10  Colossus, Gateway  
  168  16:15  Robotics Facility x2  
  168  16:20  Dark Templar x4  
  168  16:22  Pylon  
  168  16:24  Nexus  
  176  16:25  Zealot  
  176  16:26  Zealot x4  
  176  16:32  Probe  
  181  16:51  Dark Templar x3  
  181  16:52  Zealot x5  
  173  17:11  Stalker  
  173  17:12  Stalker x5  
  183  17:31  Assimilator  
  183  17:32  Stalker x5  
  183  17:35  Assimilator  
  173  17:38  Zealot x2  
  173  17:39  Zealot x6  
  179  17:53  Disruptor x2  
  179  18:00  Zealot x7  
  179  18:01  Zealot x3  
  179  18:22  Zealot x8  
  179  18:23  Zealot x4  
  166  18:46  Stalker x4  
  166  18:47  Zealot x4, Disruptor x2 (Chrono Boost)  
  174  18:58  Warp Prism (Chrono Boost)  
  171  19:04  Zealot x5  
  163  19:22  Zealot x3  
  163  19:23  Zealot x4  
  161  19:45  Dark Templar x7  
  175  19:52  Dark Templar  
Tags
 
Add a new tag
Caveats
  • Supply blocks, unpowered buildings, or Contaminate may cause inaccurate times.
  • Supply counts are checked every 10 seconds.